 Dungeon Crawl Stone Soup version 0.30.0-5-g1a98f26d00 (webtiles) character file.

Game seed: 5381311897120810029

7140 EarthwalkerPL the Fighter (level 10, 0/96 HPs)
             Began as a Minotaur Fighter on May 8, 2023.
             Was a High Priest of Okawaru.
             Slain by Snorg (10 damage)
             ... on level 10 of the Dungeon.
             The game lasted 00:10:41 (9597 turns).

EarthwalkerPL the Fighter (Minotaur Fighter)        Turns: 9597, Time: 00:10:41

Health: 0/96       AC: 16    Str: 26    XL:     10   Next: 85%
Magic:  0/9        EV: 10    Int:  5    God:    Okawaru [*****.]
Gold:   621        SH:  5    Dex:  9    Spells: 9/9 levels left

rFire   . . .        a - +0 war axe
rCold   . . .        c - +0 buckler
rNeg    . . .        b - +0 scale mail
rPois   .            (helmet restricted)
rElec   .            A - +0 cloak
rCorr   .            f - +0 pair of gloves
SInv    .            (no boots)
Will    .....        F - amulet of guardian spirit Stlth
                     s - +4 ring of protection
HPRegen 0.36/turn    (no ring)
MPRegen 0.11/turn

%: guardian spirit
@: no status effects
A: horns 2, retaliatory headbutt
a: Renounce Religion, Heroism, Finesse, Duel


You were on level 10 of the Dungeon.
You worshipped Okawaru.
Okawaru was extremely pleased with you.
You visited 2 branches of the dungeon, and saw 11 of its levels.

You collected 621 gold pieces.

Inventory:

Hand Weapons
 a - a +0 war axe (weapon)
Missiles
 e - 23 poisoned darts (quivered)
 k - 2 silver javelins
 m - 7 boomerangs
 E - a silver boomerang
 J - a curare-tipped dart
Armour
 b - a +0 scale mail (worn)
 c - a +0 buckler (worn)
 f - a +0 pair of gloves (worn)
 A - a +0 cloak (worn)
Jewellery
 s - a +4 ring of protection (left hand)
 F - an amulet of guardian spirit (around neck)
 I - the amulet of the Stallion {RegenMP rElec Will- Str+3 Int+5}
   (You found it on level 9 of the Dungeon)

   [amulet of magic regeneration]

   It increases your rate of magic regeneration.
   Str:       It affects your strength (+3).
   Int:       It affects your intelligence (+5).
   rElec:     It insulates you from electricity.
   Will:      It decreases your willpower.
Wands
 D - a wand of iceblast (11)
 L - a wand of paralysis (3)
 N - a wand of mindburst (12)
Scrolls
 i - 2 scrolls of fear
 j - 2 scrolls of amnesia
 l - 3 scrolls of enchant weapon
 o - a scroll of brand weapon
 t - 2 scrolls of poison
 u - 2 scrolls of magic mapping
 v - 2 scrolls of vulnerability
 y - 4 scrolls of immolation
 C - a scroll of torment {unknown}
 G - 2 scrolls of fog {unknown}
 H - a scroll of noise {unknown}
 K - 4 scrolls of teleportation
 M - a scroll of blinking
Potions
 d - 3 potions of might
 g - 2 potions of heal wounds {unknown}
 h - 6 potions of curing {unknown}
 n - 4 potions of haste {unknown}
 p - 2 potions of magic {unknown}
 q - a potion of cancellation {unknown}
 r - a potion of brilliance {unknown}
 w - 2 potions of attraction {unknown}
 x - a potion of degeneration {unknown}
 z - a potion of invisibility {unknown}
 B - a potion of mutation {unknown}


   Skills:
 * Level 11.4 Fighting
 * Level 10.9 Axes
 * Level 11.3 Armour
 + Level 8.4 Shields


You had 9 spell levels left.
You didn't know any spells.
Your spell library contained the following spells:

 Spells                   Type           Power      Damage    Failure   Level
 Necrotise                Necr           0%         1d4       75%         1
 Poisonous Vapours        Pois/Air       0%         N/A       87%         2
 Mephitic Cloud           Conj/Pois/Air  0%         N/A       98%         3
 Portal Projectile        Hex/Tloc       0%         N/A       98%         3
 Vampiric Draining        Necr           0%         2d6       98%         3
 Vhi's Electric Charge    Tloc/Air       0%         N/A       98%         3
 Agony                    Necr           0%         N/A       100%        5
 Arcjolt                  Conj/Air       0%         1d10      100%        5
 Blade Hands              Tmut           0%         N/A       100%        5
 Borgnjor's Vile Clutch   Necr/Erth      0%         N/A       100%        5
 Freezing Cloud           Conj/Ice/Air   0%         6-21      100%        5
 Plasma Beam              Fire/Air       0%         2x1d11    100%        6
 Tukima's Dance           Hex            Unusable   N/A       N/A         3
 Animate Dead             Necr           Unusable   N/A       N/A         4
 Death Channel            Necr           Unusable   N/A       N/A         6

Dungeon Overview and Level Annotations

Branches:
Dungeon (10/15)            Temple (1/1) D:6             Orc (0/2) D:10
   Lair: D:8-11

Altars:
Ashenzari
Cheibriados
Dithmenos
Elyvilon
Fedhas
Gozag
Hepliaklqana
Kikubaaqudgha
Makhleb
Nemelex Xobeh
Okawaru
Qazlal
Ru
Sif Muna
Trog
Uskayaw
Vehumet
Wu Jian
Xom
Yredelemnul
Zin
The Shining One

Shops:
D:5 [   D:9 :

Annotations:
D:6 2 runed translucent doors, H0rd4k's ghost, novice HuAr
D:10 Snorg


Innate Abilities, Weirdness & Mutations

You have a pair of horns on your head.
You reflexively headbutt those who attack you in melee.


Message History

Snorg bites you. Snorg claws you. Snorg misses you.
You slash Snorg! You headbutt Snorg.
Snorg is heavily wounded.
Snorg bites you! Snorg claws you but does no damage. You block Snorg's attack.
You slash Snorg!
Snorg is heavily wounded.
Snorg bites you!! Snorg claws you! Snorg claws you but does no damage.
Snorg bites you but does no damage. Snorg barely misses you. Snorg claws you!
You are too injured to fight recklessly!
You are too injured to fight recklessly!
Unknown command.
You slash Snorg!
Snorg is heavily wounded.
You block Snorg's attack. Snorg claws you but does no damage. Snorg claws you.
You hit Snorg.
Snorg is heavily wounded.
Snorg bites you!
* * * LOW HITPOINT WARNING * * *
Snorg claws you but does no damage. Snorg barely misses you.
Snorg closely misses you. You furiously retaliate!
You headbutt Snorg! Snorg barely misses you. You block Snorg's attack.
You slash Snorg! Your headbutt misses Snorg.
Snorg is severely wounded.
Snorg bites you but does no damage. Snorg misses you. You block Snorg's attack.
You hit Snorg.
Snorg is severely wounded.
Snorg bites you but does no damage. Snorg claws you but does no damage.
You block Snorg's attack. Snorg bites you!
* * * LOW HITPOINT WARNING * * *
Snorg closely misses you. You block Snorg's attack.
Unknown command.
You slash Snorg! You headbutt Snorg!
Snorg is almost dead.
You block Snorg's attack. Snorg claws you!
* * * LOW HITPOINT WARNING * * *
Snorg barely misses you.
You slash Snorg! You headbutt Snorg.
Snorg is almost dead.
You block Snorg's attack. x2; Snorg claws you!
You die...

######.##.####.####
#.......#....†.†...
#.......######.####
#........#...+.....
#..........# #.....
#...<<...### #(....
#........# #.....
##.####### #.....
#@# #..... #.TT.#
##'### ####.# #....
.# ##### >. #... ..
# #.## . #. .. +.##
## ... #.


You could see Snorg (berserk) and a troll.

Vanquished Creatures
  Joseph (D:10)
  An unseen horror zombie (D:8)
  A shadow (D:10)
  A wyvern (D:9)
  12 yaks
  A warg (D:10)
  An acid dragon (D:8)
  An ice beast (D:6)
  7 orc warriors
  3 black bears
  A centaur (D:7)
  2 phantoms
  A kobold brigand (D:9)
  5 bullfrogs
  A scorpion (D:5)
  3 necrophages (D:5)
  22 wights
  5 electric eels
  4 centaur zombies
  3 hounds
  3 jellies
  A gnoll bouda (D:7)
  6 orc priests
  Jessica (D:3)
  6 iguanas
  2 sleepcaps
  3 orc wizards
  A killer bee zombie (D:8)
  A hound zombie (D:5)
  Robin (D:3)
  4 adders
  4 gnolls
  An adder zombie (D:5)
  A worm (D:3)
  2 dart slugs
  23 orcs
  2 ball pythons
  8 endoplasms
  5 giant cockroaches
  12 goblins
  9 hobgoblins
  5 jackals
  7 kobolds
  4 quokkas
  4 bats
  5 frilled lizards
  5 rats (D:1)
202 creatures vanquished.

Notes
Turn   | Place    | Note
-------+----------+-------------------------------------------
     0 | D:1      | EarthwalkerPL the Minotaur Fighter began the quest for the
                  | Orb.
     0 | D:1      | Reached XP level 1. HP: 19/19 MP: 0/0
     1 | D:1      | Found a runed translucent door.
   131 | D:1      | Reached XP level 2. HP: 27/27 MP: 1/1
   664 | D:1      | Reached XP level 3. HP: 33/33 MP: 2/2
  1357 | D:3      | Reached XP level 4. HP: 36/41 MP: 3/3
  1388 | D:3      | You fall into a shaft and drop 1 floor!
  1515 | D:3      | Noticed Robin
  1522 | D:3      | Killed Robin
  1621 | D:3      | Noticed Jessica
  1625 | D:3      | Killed Jessica
  1626 | D:3      | Reached XP level 5. HP: 47/47 MP: 4/4
  1946 | D:3      | Reached skill level 5 in Fighting
  1948 | D:3      | Identified the +0 scale mail "Penofu" {Contam rN++}
  2053 | D:3      | Found an iron altar of Okawaru.
  2058 | D:3      | Became a worshipper of Warmaster Okawaru
  2249 | D:4      | Reached skill level 5 in Armour
  2567 | D:5      | Entered Level 5 of the Dungeon
  2570 | D:5      | Noticed a phantom
  2578 | D:5      | Killed a phantom
  2579 | D:5      | Reached XP level 6. HP: 54/56 MP: 5/5
  2633 | D:5      | Found a broken altar of Ashenzari.
  2730 | D:5      | Found a blossoming altar of Fedhas.
  2763 | D:5      | Found Nonlid's Armour Boutique.
  2926 | D:5      | Reached * piety under Okawaru
  2927 | D:5      | Reached skill level 5 in Axes
  2962 | D:5      | Reached XP level 7. HP: 57/63 MP: 6/6
  2972 | D:5      | Reached skill level 5 in Shields
  3167 | D:5      | Identified the +3 dagger of Scorn {flame, Str+6}
  3376 | D:5      | Reached ** piety under Okawaru
  3422 | D:6      | Found a staircase to the Ecumenical Temple.
  3439 | D:6      | Noticed a yak
  3441 | Temple   | Entered the Ecumenical Temple
  3560 | D:6      | Killed a yak
  3561 | D:6      | Reached XP level 8. HP: 49/73 MP: 7/7
  3983 | D:6      | Found a runed translucent door.
  3984 | D:6      | Noticed H0rd4k's ghost (novice HuAr)
  4009 | D:6      | Found a runed translucent door.
  4324 | D:6      | Found a hazy altar of Hepliaklqana.
  4608 | D:7      | Reached *** piety under Okawaru
  4609 | D:7      | Reached XP level 9. HP: 70/82 MP: 8/8
  5639 | D:8      | Reached **** piety under Okawaru
  6205 | D:8      | Reached skill level 10 in Fighting
  6205 | D:8      | Reached skill level 10 in Armour
  6205 | D:8      | Reached XP level 10. HP: 71/93 MP: 6/9
  7385 | D:9      | Identified the amulet of the Stallion {RegenMP rElec Will-
                  | Str+3 Int+5}
  7614 | D:9      | Found Teimurut's Book Shoppe.
  7878 | D:9      | Found a shimmering blue altar of Sif Muna.
  8001 | D:10     | Entered Level 10 of the Dungeon
  8119 | D:10     | Reached skill level 10 in Axes
  8128 | D:10     | Received a gift from Okawaru
  8160 | D:10     | Found a staircase to the Orcish Mines.
  8459 | D:10     | Reached ***** piety under Okawaru
  8634 | D:10     | Found a stormy altar of Qazlal.
  8940 | D:10     | Found a sacrificial altar of Ru.
  9023 | D:10     | Noticed Joseph
  9038 | D:10     | Killed Joseph
  9162 | D:10     | Found a white marble altar of Elyvilon.
  9586 | D:10     | Noticed Snorg
  9597 | D:10     | Slain by Snorg

Illustrated notes

Levels and vault maps discovered:
D:1:      dpeg_arrival_caged_fury, layout_loops_cross,
          chequers_serial_rivers_room_b, hangedman_abyss_or_decor_lesser_grid
D:2:      layout_basic
D:3:      layout_basic, hellmonk_okawaru_the_only_friend_you_need, uniq_robin,
          uniq_jessica
D:4:      layout_rooms, serial_glass, glass_columns_c, glass_columns_a
D:5:      layout_rooms, nicolae_ashenzari_skybound, fedhas_altar_decomposition,
          kennysheep_windowed_goal
D:6:      layout_gridville, mainiacjoe_overflow_24_doors,
          minmay_temple_entry_drinking_statues, ebering_ghost_sewer_f,
          water_maze_lemuel
D:7:      layout_rooms
D:8:      layout_layer_cave, serial_undead, serial_undead_c, serial_undead_d,
          serial_undead_d, serial_undead_b, serial_undead_f,
          kennysheep_generic_room_9
D:9:      layout_basic, tgw_sif, serial_shops, shop
D:10:     layout_roguey, nicolae_qazlal_general_emergency,
          nicolae_elyvilon_temple_path, nicolae_ru_sacrificial_ziggurat,
          david_orc_1_choice, hangedman_fish_farm, uniq_snorg, uniq_joseph
Temple:   jpeg_temple_clearing

Skill      XL: |  1  2  3  4  5  6  7  8  9 10 |
---------------+-------------------------------+-----
Armour         | 4 5 6 7 8 10 11 | 11.3
Fighting       | 4 5 6 7 8 10 11 | 11.4
Axes           | 3 4 5 6 7 9 10 | 10.9
Shields        | 4 5 6 7 8 |  8.4

Action                     |  1- 3 |  4- 6 |  7- 9 | 10-12 || total
---------------------------+-------+-------+-------+-------++-------
  Melee: War axe           |    86 |    76 |   215 |   207 ||   584
         Headbutt          |     9 |    16 |    51 |    42 ||   118
    Use: Scroll            |       |       |       |     8 ||     8
 Armour: Scale mail        |    38 |    54 |   117 |    75 ||   284
  Dodge: Dodged            |    34 |    33 |    99 |    74 ||   240
  Block: Buckler           |    14 |    21 |    55 |    55 ||   145
